 Dungeon Crawl Stone Soup version 0.14-a0-1844-g8283a67 (webtiles) character file.

532 Mitsuki the Covered (level 7, -6/48 HPs)
             Began as a Formicid Fighter on Jan 12, 2014.
             Mangled by an ogre
             ... wielding a +0,+0 giant club
              (11 damage)
             ... on Level 4 of the Dungeon.
             The game lasted 00:14:14 (3749 turns).

Mitsuki the Covered (Formicid Fighter)              Turns: 3749, Time: 00:14:15

HP  -6/48        AC  8     Str 23      XL: 7   Next: 26%
MP   7/7         EV  7     Int  7      God:
Gold 151         SH 20     Dex 10      Spells:  0 memorised,  6 levels left

rFire  . . .     SeeInvis +     a - +0 trident
rCold  . . .     Clarity  .     b - +0 scale mail
rNeg   . . .     Conserve .     c - +0 shield
rPois  x         rCorr    .     (helmet unavailable)
rElec  .         rRot     .     (no cloak)
SustAb . .       Spirit   .     (no gloves)
rMut   .         Warding  .     (no boots)
Saprov . . .     Stasis   +     (no amulet)
                                (no ring)
                                (no ring)

@: slightly resistant to hostile enchantments, extremely unstealthy
A: permanent stasis, dig shafts and tunnels, four strong arms, poison weakness,
antennae 3, exoskeleton 1
a: Dig, Shaft Self


You were on level 4 of the Dungeon.
You were hungry.

You visited 1 branch of the dungeon, and saw 5 of its levels.

You collected 151 gold pieces.

Inventory:

Hand weapons
 a - a +0,+0 trident (weapon)
Armour
 b - a +0 scale mail (worn)
 c - a +0 shield (worn)
Magical devices
 t - a wand of flame (7)
 A - a wand of polymorph (6)
Comestibles
 d - 2 bread rations
 f - 7 sultanas
 r - 2 meat rations
Scrolls
 e - a scroll of recharging {unknown}
 g - a scroll of remove curse {unknown}
 i - a scroll of noise {unknown}
 j - 3 scrolls of fog
 n - a scroll of amnesia {unknown}
 o - a scroll of immolation {unknown}
 p - a scroll of blinking {unknown}
 x - a scroll of enchant armour {unknown}
Jewellery
 k - a cursed ring of magical power
 u - an uncursed amulet of faith {unknown}
 y - an uncursed ring of flight {unknown}
Potions
 h - a potion of curing
 m - 2 potions of speed
 q - a potion of flight


   Skills:
 + Level 4.1 Fighting
 + Level 3.3 Polearms
 + Level 5.9 Armour
 + Level 4.7 Shields


You had 6 spell levels left.
You didn't know any spells.

Dungeon Overview and Level Annotations

Branches:
Dungeon (5/16)
 Temple: D:4-7

Altars:
Makhleb
Okawaru
Zin
Jiyva

Annotations:
D:5 DaftWullie's ghost, experienced KoBe


Innate Abilities, Weirdness & Mutations

Your are under a permanent stasis effect.
You can dig through walls and to a lower floor.
Your four strong arms can wield any weapon, most with a shield.
You are susceptible to poison.
You have a pair of large antennae on your head (SInv).
Your body is surrounded by an exoskeleton. (HP +5, AC +1)


Message History

You block the ogre's attack.
You puncture the ogre!
You kill the ogre!
You have reached level 7!
The ogre hits you with a giant club!
* * * LOW HITPOINT WARNING * * *
Drink which item? (? for menu, Esc to quit)
You feel much better.
You barely miss the ogre.
The ogre is moderately wounded.
The ogre hits you with a giant club!
Ouch! That really hurt!
* * * LOW HITPOINT WARNING * * *
You puncture the ogre!
The ogre is heavily wounded.
The ogre barely misses you.
You closely miss the ogre.
The ogre is heavily wounded.
The ogre hits you with a giant club!
You die...

...### .#. .....# .< ##...#
#####.# . #...#### #.....# ..
#.####>## #.?.?.#.## #.# #.).#
####........ ######.⌠.######
#........#
#...##...##...####....O...#
<.⌠..##.##..⌠.>#@#.(......#
#....##.##....##O####.###.#
#####.....#####...........#.##
.......⌠......................
....##...############=###.#.##
.#.######## #.# #.#
........... ... ##.#########
...## ............. .[...


You could see an ogre.

Vanquished Creatures
  2 ogres
  A hound (D:3)
  A worker ant (D:3)
  2 worker ant zombies
  4 adders
  A gnoll (D:1)
  A worm (D:2)
  An adder zombie (D:5)
  2 giant geckos
  6 oozes
  An orc (D:2)
  10 bats
  11 goblins
  9 hobgoblins
  2 jackals (D:1)
  13 kobolds
  2 quokkas (D:3)
  4 ball pythons
  2 giant cockroaches
  6 giant newts
  4 rats
85 creatures vanquished.

Notes
Turn   | Place    | Note
--------------------------------------------------------------
     0 | D:1      | Mitsuki, the Formicid Fighter, began the quest for the Orb.
     0 | D:1      | Reached XP level 1. HP: 19/19 MP: 1/1
    76 | D:1      | Reached XP level 2. HP: 24/24 MP: 2/2
   181 | D:1      | Reached skill level 4 in Armour
   352 | D:1      | Reached XP level 3. HP: 26/28 MP: 3/3
   940 | D:2      | Reached XP level 4. HP: 22/33 MP: 4/4
  1621 | D:2      | Reached XP level 5. HP: 35/37 MP: 5/5
  1684 | D:2      | Found a glowing silver altar of Zin.
  2008 | D:3      | Found an iron altar of Okawaru.
  2147 | D:3      | Reached skill level 5 in Armour
  2822 | D:3      | Found a burning altar of Makhleb.
  2835 | D:3      | Reached XP level 6. HP: 22/43 MP: 6/6
  3239 | D:3      | You fall through a shaft for 2 floors!
  3239 | D:5      | Entered Level 5 of the Dungeon
  3304 | D:5      | Noticed an ogre
  3313 | D:5      | Noticed DaftWullie's ghost (experienced KoBe)
  3318 | D:5      | Killed an ogre
  3544 | D:4      | Found a viscous altar of Jiyva.
  3724 | D:4      | Noticed an ogre
  3727 | D:4      | Noticed an ogre
  3745 | D:4      | Killed an ogre
  3745 | D:4      | Reached XP level 7. HP: 18/48 MP: 7/7
  3749 | D:4      | Mangled by an ogre

Action                   |  1- 3 |  4- 6 |  7- 9 || total
-------------------------+-------+-------+-------++-------
Melee: Trident           |   102 |   273 |     3 ||   378
       Unarmed           |       |    15 |       ||    15
 Abil: Dig               |       |     1 |       ||     1
       Shaft Self        |       |     1 |       ||     1
Evoke: Wand              |       |     2 |       ||     2
  Use: Scroll            |     2 |     2 |       ||     4
       Potion            |       |     8 |     1 ||     9
 Stab: Invisible         |       |     2 |       ||     2
